 Dungeon Crawl Stone Soup version 0.31-a0-844-gdc52ec4e09 (webtiles) character file.

Game seed: 16775387620297657286

1560445 DocEon the Conqueror (level 27, 268/273 HPs)
             Began as a Hill Orc Monk on Sept 29, 2023.
             Was an Initiate of Gozag.
             Escaped with the Orb
             ... and 3 runes!
             The game lasted 02:31:34 (80815 turns).

DocEon the Conqueror (Hill Orc Monk)               Turns: 80815, Time: 02:31:35

Health: 268/273    AC: 55    Str: 32    XL:     27
Magic:  38/38      EV: 17    Int: 19    God:    Gozag
Gold:   3751       SH: 25    Dex: 12    Spells: 34/49 levels left

rFire   + + +        a - +9 eveningstar (freeze)
rCold   + + .        y - +1 tower shield {AC+3}
rNeg    + + +        A - +10 gold dragon scales
rPois   +            (helmet restricted)
rElec   +            k - +5 cloak "Houcod" {Will++}
rCorr   .            T - +2 pair of gloves
SInv    .            r - +2 pair of boots of Ethereal Miracles {-Cast rN+++ Str+4 Dex-3}
Will    +++++        i - amulet of Xiraim {Spirit Regen+ Int+6 Stlth-} Stlth
                     F - ring of Unuecipu {rElec rC+ EV+5 Int+4}
HPRegen 1.45/turn    x - ring of the Eagle {Drain +Blink rF+ rN+ Dex+3}
MPRegen 0.26/turn

%: no spellcasting, clarity, guardian spirit
@: hasted, studying 2 skills, very quick
A: antennae 1, clarity, clumsy 2, fire resistance 1, strong-willed 1,
electricity resistance, strong 1, teleportitis 1
0: Orb of Zot
}: 3/15 runes: decaying, serpentine, silver
a: Renounce Religion, Evoke Blink, Potion Petition, Call Merchant, Bribe Branch


You escaped.
You worshipped Gozag.
Gozag was most pleased with you.
You visited 11 branches of the dungeon, and saw 51 of its levels.
You also visited: Gauntlet, Ice Cave and Volcano.

You collected 29341 gold pieces.
You spent 10060 gold pieces at shops.
You paid 15530 gold pieces to Gozag.

Inventory:

Hand Weapons
 a - a +9 eveningstar of freezing (weapon)
 b - the +7 sceptre of Torment {pain, torment}
   (You took it off a deep elf zephyrmancer on level 3 of the Elven Halls)
Missiles
 L - 4 throwing nets
Armour
 d - the +0 hat of Nuaraed {Str+6}
   (You bought it in a shop on level 3 of the Crypt)

   Str+6:     It affects your strength (+6).
 k - the +5 cloak "Houcod" (worn) {Will++}
   (You found it in a Gauntlet)

   Will++:    It greatly increases your willpower.
 r - the +2 pair of boots of Ethereal Miracles (worn) {-Cast rN+++ Str+4 Dex-3}
   (You bought it in a shop on level 1 of the Elven Halls)

   Str+4:     It affects your strength (+4).
   Dex-3:     It affects your dexterity (-3).
   rN+++:     It renders you almost immune to negative energy.
   -Cast:     It prevents spellcasting.
 y - a +1 tower shield of protection (worn)
 A - +10 gold dragon scales (worn)
 Q - a +1 helmet of see invisible
 T - a +2 pair of gloves (worn)
Jewellery
 i - the amulet of Xiraim (around neck) {Spirit Regen+ Int+6 Stlth-}
   (You took it off a necromancer on level 5 of the Vaults)

   [amulet of guardian spirit]

   Spirit:    It causes incoming damage to be divided between your reserves of
   health and magic.
   Int+6:     It affects your intelligence (+6).
   Regen+:    It increases your rate of health regeneration.
   Stlth-:    It makes you less stealthy.
 j - a ring of flight
 q - the amulet "Ygodoun" {rElec rPois Regen+}
   (You found it on level 3 of the Crypt)

   [amulet of regeneration]

   rElec:     It insulates you from electricity.
   rPois:     It protects you from poison Regen+: It increases your rate of
   health regeneration.
 x - the ring of the Eagle (right hand) {Drain +Blink rF+ rN+ Dex+3}
   (You took it off a spriggan rider on level 3 of the Depths)

   [ring of positive energy]

   Dex+3:     It affects your dexterity (+3).
   rF+:       It protects you from fire.
   rN+:       It protects you from negative energy.
   +Blink:    It lets you blink.
   Drain:     It drains your maximum health when unequipped.
 F - the ring of Unuecipu (left hand) {rElec rC+ EV+5 Int+4}
   (You bought it in a shop on level 12 of the Dungeon)

   [ring of evasion]

   EV+5:      It affects your evasion (+5).
   Int+4:     It affects your intelligence (+4).
   rC+:       It protects you from cold.
   rElec:     It insulates you from electricity.
 I - a +4 ring of protection
 K - the amulet of Eniefal {Spirit Fly rC+ Str+3 Dex+4}
   (You took it off a fire giant on level 3 of the Depths)

   [amulet of guardian spirit]

   Spirit:    It causes incoming damage to be divided between your reserves of
   health and magic.
   Str+3:     It affects your strength (+3).
   Dex+4:     It affects your dexterity (+4).
   rC+:       It protects you from cold.
   Fly:       It grants you flight.
 R - a ring of ice
 V - a ring of fire
 W - a ring of willpower
Wands
 g - a wand of flame (75) (quivered)
 m - a wand of acid (23)
 s - a wand of digging (6)
 P - a wand of roots (37)
 X - a wand of mindburst (35)
 Y - a wand of polymorph (9)
 Z - a wand of charming (4)
Scrolls
 l - 5 scrolls of silence
 t - 12 scrolls of teleportation
 u - 12 scrolls of fear
 E - a scroll of brand weapon
 H - 6 scrolls of blinking
 N - 10 scrolls of fog
Potions
 c - 3 potions of ambrosia
 e - 20 potions of curing
 f - 8 potions of lignification
 h - 4 potions of invisibility
 p - 3 potions of enlightenment
 v - 7 potions of attraction
 w - 5 potions of resistance
 D - 3 potions of berserk rage
 G - 6 potions of might
 J - 8 potions of mutation
 M - 6 potions of heal wounds
 O - 4 potions of cancellation
 U - 5 potions of magic
Miscellaneous
 z - a lightning rod (4/4)
 B - a phial of floods
 S - a sack of spiders


   Skills:
 O Level 27 Fighting
 - Level 9.8(16.2) Axes
 - Level 17.3(18.0) Maces & Flails
 * Level 26.4 Armour
 - Level 10.0 Dodging
 O Level 27 Shields
 * Level 11.6 Spellcasting
 + Level 14.1 Necromancy
 - Level 2.4 Evocations


You had 34 spell levels left.
You knew the following spells:

 Your Spells              Type           Power      Damage    Failure   Level
a - Dispel Undead         Necr           60%        3d21      1%          4
b - Death Channel         Necr           30%        N/A       14%         6
c - Borgnjor's Vile Clut  Necr/Erth      19%        N/A       43%         5

Your spell library contained the following spells:

 Spells                   Type           Power      Damage    Failure   Level
 Sublimation of Blood     Necr           60%        N/A       1%          2
 Vampiric Draining        Necr           60%        2d10      1%          3
 Agony                    Necr           60%        N/A       2%          5
 Cigotuvi's Dreadful Rot  Necr/Pois/Air  58%        N/A       7%          2
 Anguish                  Hex/Necr       19%        N/A       17%         4
 Apportation              Tloc           22%        N/A       30%         1
 Magic Dart               Conj           44%        1d5       30%         1
 Sandblast                Erth           22%        2d7       30%         1
 Shock                    Conj/Air       44%        1d5       30%         1
 Slow                     Hex            44%        N/A       30%         1
 Sting                    Tmut/Pois      44%        1d5       30%         1
 Blink                    Tloc           22%        N/A       43%         2
 Jinxbite                 Hex            22%        N/A       43%         2
 Lesser Beckoning         Tloc           22%        N/A       43%         2
 Passwall                 Tmut/Erth      9%         N/A       43%         2
 Poisonous Vapours        Pois/Air       22%        N/A       43%         2
 Scorch                   Fire           22%        2d5       43%         2
 Searing Ray              Conj           22%        2d5       43%         2
 Static Discharge         Conj/Air       22%        2-3/arc   43%         2
 Confusing Touch          Hex            11%        N/A       67%         3
 Dazzling Flash           Conj/Hex       22%        N/A       67%         3
 Frozen Ramparts          Ice            22%        1d4       67%         3
 Hailstorm                Conj/Ice       11%        3d5       67%         3
 Ignite Poison            Fire/Tmut/Pois 11%        N/A       67%         3
 Inner Flame              Hex/Fire       11%        N/A       67%         3
 Ozocubu's Armour         Ice            11%        N/A       67%         3
 Sigil of Binding         Hex            11%        N/A       67%         3
 Stone Arrow              Conj/Erth      22%        3d8       67%         3
 Teleport Other           Tloc           11%        N/A       67%         3
 Tukima's Dance           Hex            11%        N/A       67%         3
 Volatile Blastmotes      Fire/Tloc      22%        2d11      67%         3
 Airstrike                Air            5%         2d(1-17)  97%         4
 Brom's Barrelling Bould  Conj/Erth      11%        2d3       97%         4
 Flame Wave               Conj/Fire      11%        2d6       97%         4
 Fulminant Prism          Conj/Hex       5%         3d7       97%         4
 Iskenderun's Mystic Bla  Conj/Tloc      11%        2d4       97%         4
 Leda's Liquefaction      Hex/Erth       5%         N/A       97%         4
 Manifold Assault         Tloc           11%        N/A       97%         4
 Olgreb's Toxic Radiance  Pois           11%        N/A       97%         4
 Passage of Golubria      Tloc           11%        N/A       97%         4
 Petrify                  Tmut/Erth      11%        N/A       97%         4
 Sticky Flame             Conj/Fire      11%        2d3       97%         4
 Summon Ice Beast         Ice/Summ       11%        N/A       97%         4
 Summon Lightning Spire   Summ/Air       11%        N/A       97%         4
 Vhi's Electric Charge    Tloc/Air       22%        N/A       97%         4
 Alistair's Intoxication  Tmut/Pois      7%         N/A       100%        5
 Arcjolt                  Conj/Air       5%         1d15      100%        5
 Freezing Cloud           Conj/Ice/Air   5%         6-21      100%        5
 Irradiate                Conj/Tmut      5%         3d13      100%        5
 Lee's Rapid Deconstruct  Erth           5%         3d6*      100%        5
 Metabolic Englaciation   Hex/Ice        5%         N/A       100%        5
 Silence                  Hex/Air        5%         N/A       100%        5
 Summon Forest            Summ/Tloc      5%         N/A       100%        5
 Yara's Violent Unravell  Hex/Tmut       5%         3d4       100%        5
 Bombard                  Conj/Erth      5%         9d2       100%        6
 Eringya's Noxious Bog    Tmut/Pois      5%         4d6       100%        6
 Plasma Beam              Fire/Air       5%         2x1d16    100%        6
 Summon Cactus Giant      Summ           5%         N/A       100%        6
 Ozocubu's Refrigeration  Ice            5%         4d8       100%        7
 Lehudib's Crystal Spear  Conj/Erth      5%         10d3      100%        8
 Maxwell's Capacitive Co  Air            5%         ∞         100%        8
 Simulacrum               Ice/Necr       Unusable   N/A       N/A         6

Dungeon Overview and Level Annotations

Branches:
Dungeon (15/15)            Temple (1/1) D:7            Lair (5/5) D:8
  Swamp (4/4) Lair:3        Snake (4/4) Lair:3        Slime (0/5) Lair:4
    Orc (2/2) D:12            Elf (3/3) Orc:2        Vaults (5/5) D:14
  Crypt (3/3) Vaults:2       Tomb (0/3) Crypt:3      Depths (4/4) D:15
    Zot (5/5) Depths:4      IceCv (visited)         Volcano (visited)
Gauntlet (visited)

Altars:
Ashenzari
Cheibriados
Dithmenos
Elyvilon
Fedhas
Gozag
Hepliaklqana
Kikubaaqudgha
Makhleb
Nemelex Xobeh
Okawaru
Qazlal
Ru
Sif Muna
Trog
Uskayaw
Vehumet
Wu Jian
Xom
Yredelemnul
Zin
The Shining One

Shops:
D:2 =?[   D:6 !?(   D:8 (   D:12 =   D:15 [   Orc:2 *=[   Elf:1 [   Elf:2 *
Lair:5 (   Snake:2 [:   Snake:3 (:=:   Snake:4 :!*[   Vaults:1 *=(**[
Vaults:4 (!   Crypt:3 [   Depths:1 *?=:   Depths:3 *

Portals:
Hell: Depths:1 Depths:2 Depths:3 Depths:4
Abyss: Swamp:3 Depths:1 Depths:3
Pandemonium: Depths:2 Depths:4
Ziggurat: Depths:2
Trove: D:12 (give +4 ice dragon scales)

Annotations:
D:8 1 runed translucent door, bahustanut's ghost, novice DEAE
Swamp:3 2 transporters, Emuible's ghost, adept TrSh
Crypt:1 2 transporters, exclusion: orange crystal statue


Innate Abilities, Weirdness & Mutations

You have a pair of small antennae on your head.
You possess an exceptional clarity of mind.
You are very clumsy. (Dex -4)
Your flesh is heat resistant. (rF+)
You are strong-willed. (Will+)
You are resistant to electric shocks. (rElec)
Your muscles are strong. (Str +4, Int/Dex -1)
You are occasionally teleported next to monsters.


Message History

You kill the shadow demon!
The scorpion dissolves into shadows!
The adder dissolves into shadows!
The white imp dissolves into shadows!
The ball python dissolves into shadows!
You have mastered Shields!
No target in view!
No target in view!
No target in view!
There is a stone staircase leading down here.
You see here a +0 dagger.
There is a stone staircase leading up here.
You climb upwards.
There is a stone staircase leading down here.
There is a stone staircase leading up here.
You climb upwards.
There is a stone staircase leading down here.
A hellwing and 2 smoke demons come into view.
You can't go up here!
The smoke demon roars!
The smoke demon moves out of view.
The smoke demon gestures at you. Something smites you!
There is an escape hatch in the ceiling here.
A mysterious force pulls you upwards. The hatch slams shut behind you.
HP restored.
Magic restored.
You see here a +0 dagger.
There is an open gate here.
A Cema, a sun demon, a rust devil and a lich come into view.
The sun demon shouts!
The rust devil screeches!
The lich shouts!
Cema blinks!
You feel yourself speed up.
The sun demon attacks as it pursues you!
The sun demon misses you.
A hellion comes into view.
You block the sun demon's attack.
The lich points at you and mumbles some strange words.
The bolt of cold hits you! You resist.
Cema blinks!
There is a staircase leading out of the dungeon here.
You have escaped!

.#.##### ##..§2.#####.###.###.
.......# #...#4..####.##......
....##.# ##...#..&####.###.###.
.....#.#####4..###L..##......# #.
...)##....##...###...##..##### #.
##.########...#####.&.#..## #.
#.# ##...#####L..##.#######. #.#
#.............#......... ##'##
#......@3.....####.##### #...##
##################.# .....##
#.###.#.########.# # ......##
##.###.#.# ##..# ##
.......####........######).)####.
.......'.......................'.
.......####.........#####...####.
......## ##..##.##.# ##..# ##
.....## ##.##.##.# ##.# #


You could see Cema, a lich and a sun demon.

Vanquished Creatures
  3 dread liches
  6 orbs of fire
  2 ancient liches
  Mara (Swamp:3)
  Mennas (Vaults:2)
  3 juggernauts (Depths:3)
  Sojobo (Depths:1)
  The ghost of SirDiesAlot the Metallomancer, a veteran OpEE of Sif Muna (Elf:2)
  Saint Roka (Crypt:3)
  2 Killer Klowns (Zot:5)
  4 curse toes
  Margery (Vaults:2)
  5 caustic shrikes (Depths:3)
  15 golden dragons
  A pandemonium lord (D:15)
  Norris (Vaults:1)
  A shard shrike zombie (Crypt:1)
  An iron giant (shapeshifter) (Zot:1)
  2 doom hounds (Zot:2)
  A bone dragon (Crypt:3)
  21 tentacled monstrosities
  Jorgrun (D:14)
  2 walking earthen tomes (Depths:3)
  Zenata (Vaults:2)
  4 electric golems
  9 Orb Guardians
  5 quicksilver dragons
  9 liches
  3 deep elf blademasters
  Mlioglotl (Swamp:3)
  2 deep elf master archers (Elf:3)
  Grunn (Zot:2)
  A walking frostbound tome (Depths:3)
  Gastronok (Lair:3)
  6 titans
  9 ancient champions
  The ghost of croobank the Capitalist, an adept GnSu of Gozag (Snake:4)
  2 walking divine tomes (Depths:3)
  A sphinx (Depths:3)
  8 death cobs
  7 tengu reavers
  8 storm dragons
  9 shadow dragons
  4 nagarajas (Snake:4)
  3 draconian monks
  A revenant (Crypt:2)
  5 draconian knights
  A ghost moth (Zot:2)
  4 deep elf sorcerers (Elf:3)
  Aizul (Vaults:2)
  2 balrugs
  4 iron dragons
  23 vault wardens
  6 fire giants
  11 frost giants
  2 draconian scorchers
  4 deep elf elementalists (Elf:3)
  Louise (Elf:2)
  8 ghouls
  4 spriggan defenders
  2 curse skulls
  2 cacodemons
  2 orc warlords
  21 ironbound preservers
  3 war gargoyles
  A demonspawn corrupter (D:4)
  8 draconian stormcallers
  15 very ugly things
  6 draconian shifters
  A reaper (Depths:2)
  9 ironbound thunderhulks
  19 stone giants
  A stone giant (shapeshifter) (Depths:3)
  2 formless jellyfish
  8 vampire knights
  3 draconian annihilators
  8 deep elf demonologists
  8 black draconians
  8 white draconians
  10 green draconians
  10 red draconians
  A demonspawn black sun (D:14)
  6 bunyips
  A minotaur (Gauntlet)
  15 dire elephants
  8 yellow draconians
  4 eleionomae
  8 deep elf annihilators
  3 spark wasps
  12 purple draconians
  3 eidola (Crypt:1)
  A blizzard demon (Depths:3)
  2 entropy weavers
  17 ettins
  6 deep elf death magi
  2 crystal guardians (Vaults:3)
  12 fire dragons
  4 jiangshi
  5 deep elf high priests
  14 yaktaur captains
  A shambling mangrove (Swamp:4)
  2 spriggan zombies
  4 rakshasas
  15 ice dragons
  8 great orbs of eyes
  A fenstrider witch zombie (Crypt:1)
  33 vault guards
  A ghost crab (Swamp:3)
  A quicksilver dragon skeleton (Depths:3)
  2 spriggan air magi (Depths:2)
  4 catoblepae
  3 peacekeepers
  2 salamander tyrants (Snake:4)
  18 hydras
  2 boulder beetles
  8 anacondas
  13 centaur warriors
  2 ogre magi (Vaults:5)
  An alligator snapping turtle (shapeshifter) (Zot:1)
  18 ironbound frosthearts
  A satyr (shapeshifter) (Zot:1)
  7 death knights
  A hell hog (Gauntlet)
  An alligator (shapeshifter) (Zot:1)
  9 alligators
  5 two-headed ogres
  4 death yaks (IceCv)
  9 tengu warriors
  22 dancing weapons
  4 vampire magi (Crypt:1)
  A bennu skeleton (Crypt:1)
  9 deep troll shamans
  11 deep troll earth magi
  7 spriggan berserkers
  An azure jelly zombie (Crypt:3)
  20 naga warriors
  19 naga sharpshooters
  5 shock serpents
  Urug (D:13)
  Nergalle (D:11)
  34 hell knights
  11 spriggans
  A soul eater (Gauntlet)
  4 sun demons
  8 salamander mystics
  3 skysharks (Vaults:1)
  12 deep elf knights
  8 iron trolls
  A shadow wraith (Crypt:2)
  2 sixfirhies (D:7)
  6 glowing orange brains
  2 bunyip zombies
  A death drake (Swamp:2)
  58 deep trolls
  A shadow demon (D:4)
  10 skeletal warriors
  9 goliath frogs
  5 spriggan druids
  4 naga ritualists
  An orb spider (shapeshifter) (Depths:2)
  3 lindwurms (Vaults:4)
  3 deep elf archers (Elf:3)
  9 wizards
  6 bog bodies
  4 flayed ghosts
  15 phantasmal warriors
  7 orc knights
  18 swamp dragons
  Pikel (D:5)
  26 deep elf pyromancers
  12 deep elf zephyrmancers
  A shadow dragon zombie (Crypt:1)
  4 harpies (Vaults:3)
  11 necromancers
  18 ironbound convokers
  47 ugly things
  A shadow dragon skeleton (Depths:3)
  A fire giant zombie (Depths:3)
  A mana viper (shapeshifter) (Elf:1)
  An orc sorcerer (Orc:2)
  8 mana vipers
  2 manticores
  A frost giant zombie (Vaults:5)
  11 cyclopes
  A jorogumo skeleton (Crypt:3)
  A shining eye (shapeshifter) (D:14)
  27 salamanders
  16 moths of wrath
  5 will-o-the-wisps
  6 guardian serpents
  An ice statue (IceCv)
  13 naga magi
  2 gargoyles (D:11)
  A rust devil (Depths:4)
  14 vault sentinels
  23 black mambas
  2 smoke demons (Depths:2)
  A cane toad (shapeshifter) (D:15)
  2 yaktaur zombies (Vaults:1)
  An orange demon (D:12)
  Joseph (D:7)
  2 centaur skeletons
  5 rime drakes
  15 cane toads
  42 yaktaurs
  An efreet (D:15)
  8 freezing wraiths
  3 kobold demonologists
  An unseen horror (D:12)
  An ice devil (D:15)
  4 komodo dragons
  2 tengu conjurers (D:15)
  A black draconian skeleton (Crypt:2)
  A red devil (D:15)
  A harpy zombie (Crypt:1)
  A green draconian skeleton (Crypt:1)
  A guardian mummy (Crypt:3)
  A grey draconian skeleton (Crypt:3)
  A tengu simulacrum (Vaults:1)
  10 trolls
  6 tyrant leeches
  A polar bear (shapeshifter) (D:14)
  9 polar bears
  3 meliai (D:13)
  A hellwing (Depths:2)
  A shadow dragon simulacrum (Vaults:5)
  A tarantella (Vaults:2)
  19 blink frogs
  12 hornets
  Grinder (D:4)
  A human skeleton (Vaults:5)
  2 iron dragon simulacra (Depths:3)
  9 flying skulls
  3 air elementals
  16 slime creatures
  A black mamba zombie (Crypt:1)
  A vampire (D:11)
  4 water elementals
  A shadow (D:10)
  17 wraiths
  An ettin skeleton (Vaults:1)
  39 yaks
  4 fire bats
  6 wyverns
  Eustachio (D:5)
  4 ynoxinuls
  A fire bat (shapeshifter) (Zot:1)
  2 fire elementals
  A hog (Lair:2)
  6 steam dragons
  5 basilisks
  9 vampire mosquitoes
  A chaos spawn (Depths:2)
  3 redbacks (Vaults:4)
  2 neqoxecs
  9 wargs
  2 acid dragons (Lair:5)
  A swamp worm (shapeshifter) (Vaults:4)
  A human zombie (Depths:3)
  44 nagas
  19 swamp worms
  4 hell hounds
  16 water moccasins
  A demonspawn skeleton (Crypt:3)
  A glowing shapeshifter skeleton (Vaults:5)
  A two-headed ogre skeleton (Crypt:2)
  10 swamp drakes
  9 black bears
  26 orc warriors
  A black bear (shapeshifter) (Vaults:5)
  2 sky beasts (D:7)
  28 wolves
  5 boggarts (Vaults:3)
  12 centaurs
  A cane toad skeleton (Crypt:3)
  4 ogres
  3 lemures (D:5)
  2 phantoms (D:7)
  3 kobold brigands
  A komodo dragon zombie (Crypt:2)
  8 necrophages
  8 earth elementals
  3 scorpions
  17 bullfrogs
  A gnoll sergeant (D:9)
  An elf skeleton (Crypt:3)
  A two-headed ogre simulacrum (Orc:1)
  A wight (D:8)
  A wyvern skeleton (Crypt:3)
  4 killer bees (D:8)
  An elephant simulacrum (Orc:1)
  A shapeshifter skeleton (Crypt:1)
  7 howler monkeys
  4 electric eels
  A yak skeleton (Crypt:2)
  3 jellies
  3 hounds
  A gnoll bouda (D:7)
  17 orc priests
  7 iguanas
  24 orc wizards
  A scorpion zombie (Crypt:1)
  4 hell rats
  3 spriggan simulacra
  A troll simulacrum (Orc:1)
  A naga skeleton (Crypt:2)
  A tengu skeleton (Crypt:2)
  A hound skeleton (Crypt:1)
  12 mummies (Crypt:3)
  27 gnolls
  3 naga simulacra (Orc:1)
  5 adders
  A steam dragon zombie (Crypt:2)
  A swamp drake skeleton (Crypt:2)
  3 shadow imps
  A white imp (D:8)
  10 ufetubi
  An iguana skeleton (Crypt:1)
  A worm (shapeshifter) (Zot:1)
  2 worms (D:2)
  The ghost of Nanner the Shield-Bearer, a weakling FoFi (D:14)
  3 dart slugs
  87 orcs
  7 ball pythons
  8 bats
  10 endoplasms
  2 giant cockroaches
  11 goblins
  6 hobgoblins
  5 jackals
  16 kobolds
  3 quokkas
  5 frilled lizards
  A frilled lizard skeleton (Crypt:3)
  A hobgoblin zombie (Crypt:3)
  7 rats
  A spectral weapon (Vaults:5)
2174 creatures vanquished.

Vanquished Creatures (collateral kills)
  An ancient lich (Zot:5)
  2 Killer Klowns (Zot:5)
  5 Orb Guardians (Zot:5)
  A quicksilver dragon (Zot:5)
  A shadow dragon (Zot:5)
  A draconian scorcher (Zot:5)
  A boulder beetle (Lair:1)
  A moth of wrath (Zot:5)
13 creatures vanquished.

Vanquished Creatures (others)
  2 orbs of fire (Zot:5)
  A Killer Klown (Zot:5)
  2 electric golems (Zot:5)
  Asterion (Depths:1)
  14 Orb Guardians (Zot:5)
  A death cob (Zot:5)
  A hydra (Swamp:3)
  A deep elf knight (Elf:2)
  A goliath frog (Swamp:3)
  2 moths of wrath
  2 water elementals (Depths:1)
  A steam dragon (Lair:5)
  A swamp worm (Swamp:1)
  A scorpion (shapeshifter) (D:15)
  25 foxfires
  8 spectral weapons (Depths:1)
  2 starspawn tentacles (Swamp:3)
66 creatures vanquished.

Grand Total: 2253 creatures vanquished

Notes
Turn   | Place    | Note
-------+----------+-------------------------------------------
     0 | D:1      | DocEon the Hill Orc Monk began the quest for the Orb.
     0 | D:1      | Reached XP level 1. HP: 19/19 MP: 1/1
   219 | D:1      | Reached XP level 2. HP: 26/26 MP: 2/2
   577 | D:1      | Reached XP level 3. HP: 30/31 MP: 3/3
  1196 | D:1      | Identified a scroll of acquirement
  1196 | D:1      | Acquired 979 gold pieces
  1242 | D:2      | Reached skill level 5 in Maces & Flails
  1336 | D:2      | Reached XP level 4. HP: 39/39 MP: 4/4
  1506 | D:2      | Found Fyul's Antique Armour Emporium.
  1827 | D:2      | Found a faded altar of an unknown god.
  1946 | D:2      | Identified the ring of Muon {Wiz Dex+2}
  2156 | D:2      | Found Ynycw's Jewellery Shoppe.
  2161 | D:2      | Bought an amulet of reflection for 330 gold pieces
  2189 | D:2      | Bought a runed helmet for 150 gold pieces
  2189 | D:2      | Bought a pair of boots for 90 gold pieces
  2225 | D:2      | Found Puish's Magic Scroll Boutique.
  2228 | D:2      | Bought a scroll of enchant weapon for 97 gold pieces
  2228 | D:2      | Bought a scroll of teleportation for 39 gold pieces
  2228 | D:2      | Bought a scroll of fear for 52 gold pieces
  2674 | D:3      | Reached XP level 5. HP: 40/45 MP: 5/5
  3163 | D:3      | Found a glowing silver altar of Zin.
  3261 | D:4      | Noticed an ogre
  3271 | D:4      | Killed an ogre
  3272 | D:4      | Reached XP level 6. HP: 15/51 MP: 6/6
  3618 | D:4      | Noticed Grinder
  3979 | D:2      | Bought a scroll of identify for 26 gold pieces
  3979 | D:2      | Bought a scroll of identify for 26 gold pieces
  3979 | D:2      | Bought a scroll of identify for 26 gold pieces
  4049 | D:4      | Killed Grinder
  4050 | D:4      | Reached XP level 7. HP: 43/57 MP: 7/7
  4106 | D:5      | Entered Level 5 of the Dungeon
  4137 | D:5      | Found a radiant altar of Vehumet.
  4758 | D:5      | Noticed Eustachio
  4806 | D:5      | Killed Eustachio
  4807 | D:5      | Reached skill level 10 in Maces & Flails
  4807 | D:5      | Reached XP level 8. HP: 46/64 MP: 8/8
  4840 | D:5      | Found a burning altar of Makhleb.
  4928 | D:5      | Noticed Pikel
  4965 | D:5      | Killed Pikel
  5674 | D:6      | Found a hazy altar of Hepliaklqana.
  5899 | D:6      | Got a strange book
  5979 | D:6      | Reached skill level 1 in Armour
  6032 | D:6      | Found Osomelygg's Magic Scroll Shop.
  6034 | D:6      | Found Xeusazej's Distillery.
  6034 | D:6      | Found Sigikh's Antique Weapon Shop.
  6040 | D:6      | Bought a scroll of identify for 30 gold pieces
  6105 | D:6      | Found a shadowy altar of Dithmenos.
  6107 | D:6      | Found a sparkling altar of Nemelex Xobeh.
  6126 | D:6      | Reached skill level 5 in Fighting
  6126 | D:6      | Reached XP level 9. HP: 74/74 MP: 9/9
  7132 | D:7      | Noticed Joseph
  7142 | D:7      | Killed Joseph
  7301 | D:7      | Found a staircase to the Ecumenical Temple.
  7305 | Temple   | Entered the Ecumenical Temple
  7340 | Temple   | Became a worshipper of Gozag Ym Sagoz the Greedy
  7953 | D:8      | Found a runed translucent door.
  7953 | D:8      | Found a shimmering altar of Xom.
  7953 | D:8      | Noticed bahustanut's ghost (novice DEAE)
  7956 | D:8      | Noticed a +1 war axe of chaos
  8019 | D:8      | Found a staircase to the Lair.
  8180 | D:8      | Identified the +0 shortbow "Osomot" {drain, rPois rC+
                  | Will+++ Str-5}
  8447 | D:8      | Noticed a troll
  8451 | D:8      | Killed a troll
  8452 | D:8      | Reached XP level 10. HP: 82/88 MP: 10/10
  8470 | D:8      | Reached skill level 5 in Armour
  8477 | D:8      | Noticed a centaur warrior
  8483 | D:8      | Killed a centaur warrior
  8703 | D:8      | Noticed a two-headed ogre
  8747 | D:8      | Noticed a catoblepas
  8755 | D:8      | Killed a catoblepas
  8761 | D:8      | Killed a two-headed ogre
  9040 | D:8      | Bought an ancient mace for 264 gold pieces
  9040 | D:8      | Identified the +1 mace of the Pharaoh's Fist {speed, rF+}
                  | (You bought it in a shop on level 8 of the Dungeon)
  9363 | D:9      | Reached XP level 11. HP: 92/97 MP: 11/11
  9370 | D:9      | Reached skill level 1 in Shields
 10002 | D:10     | Entered Level 10 of the Dungeon
 10371 | D:10     | Found an ornate altar of the Wu Jian Council.
 10401 | D:10     | Found a glowing golden altar of the Shining One.
 10472 | D:10     | Found a broken altar of Ashenzari.
 10487 | D:10     | Identified the +5 hand axe "Liwac" {freeze, Dex+5}
 10558 | D:10     | Noticed a two-headed ogre
 10568 | D:10     | Killed a two-headed ogre
 10840 | D:10     | Found a basalt altar of Yredelemnul.
 10860 | D:10     | Noticed a two-headed ogre
 10868 | D:10     | Killed a two-headed ogre
 10869 | D:10     | Reached skill level 15 in Maces & Flails
 11222 | D:11     | Noticed a two-headed ogre
 11223 | D:11     | Found a gate leading to a gauntlet.
 11236 | D:11     | Killed a two-headed ogre
 11237 | D:11     | Reached skill level 10 in Fighting
 11239 | D:11     | Noticed a cyclops
 11248 | D:11     | Killed a cyclops
 11318 | Gauntlet | Entered a Gauntlet
 11318 | Gauntlet | Found a transporter.
 11318 | Gauntlet | Found a transporter.
 11323 | Gauntlet | Found a transporter.
 11333 | Gauntlet | Noticed a wizard
 11338 | Gauntlet | Found a transporter.
 11352 | Gauntlet | Found a transporter.
 11365 | Gauntlet | Found a transporter.
 11379 | Gauntlet | Noticed a fire crab
 11381 | Gauntlet | Found a transporter.
 11441 | Gauntlet | Noticed a soul eater
 11451 | Gauntlet | Found a transporter.
 11462 | Gauntlet | Found a transporter.
 11478 | Gauntlet | Found a transporter.
 11486 | Gauntlet | Noticed an orange crystal statue
 11490 | Gauntlet | Found a transporter.
 11579 | Gauntlet | Found a transporter.
 11581 | Gauntlet | Noticed a hell hog
 11594 | Gauntlet | Found a transporter.
 11596 | Gauntlet | Found a transporter.
 11597 | Gauntlet | Found a transporter.
 11597 | Gauntlet | Noticed an obsidian statue
 11631 | Gauntlet | Found a transporter.
 12002 | Gauntlet | Killed a soul eater
 12003 | Gauntlet | Reached skill level 5 in Shields
 12274 | Gauntlet | Killed a hell hog
 12293 | Gauntlet | Identified the +5 cloak "Houcod" {Will++}
 12580 | Gauntlet | Reached XP level 12. HP: 72/108 MP: 12/12
 12689 | Gauntlet | Noticed a minotaur
 12706 | Gauntlet | Killed a minotaur
 13443 | D:11     | Noticed Nergalle
 13464 | D:11     | Killed Nergalle
 14092 | Lair:1   | Entered Level 1 of the Lair of Beasts
 14407 | Lair:1   | Noticed a boulder beetle
 14418 | Lair:1   | Killed a boulder beetle
 14553 | Lair:1   | Reached skill level 10 in Armour
 15489 | Lair:2   | Noticed Sonja
 15500 | Lair:2   | Sonja changed into Sonja the hog
 15500 | Lair:2   | Noticed Sonja
 15504 | Lair:2   | Killed Sonja the hog
 15842 | Lair:2   | Reached XP level 13. HP: 109/122 MP: 13/13
 16276 | Lair:3   | Found a dark tunnel.
 16298 | Volcano  | Entered a volcano
 16996 | Lair:3   | Noticed an eleionoma
 17023 | Lair:3   | Killed an eleionoma
 17133 | Lair:3   | Found a staircase to the Swamp.
 17437 | Lair:3   | Found a staircase to the Snake Pit.
 17613 | Lair:3   | Noticed Gastronok
 17631 | Lair:3   | Killed Gastronok
 17923 | Lair:4   | Reached skill level 15 in Fighting
 18049 | Lair:4   | Found a staircase to the Slime Pits.
 18835 | Lair:5   | Entered Level 5 of the Lair of Beasts
 19147 | Lair:5   | Reached XP level 14. HP: 130/136 MP: 14/14
 21888 | D:12     | Reached skill level 15 in Armour
 21976 | D:12     | Noticed Nessos
 21980 | D:12     | Nessos changed into Nessos the mana viper
 21980 | D:12     | Noticed Nessos
 21989 | D:12     | Killed Nessos the mana viper
 22455 | D:12     | Found a staircase to the Orcish Mines.
 22577 | D:12     | Found a portal to a secret trove of treasure.
 22887 | Orc:1    | Entered Level 1 of the Orcish Mines
 22912 | Orc:2    | Entered Level 2 of the Orcish Mines
 23109 | Orc:1    | Noticed an orc warlord
 23154 | Orc:1    | Killed an orc warlord
 23227 | Orc:1    | Found a frozen archway.
 23310 | IceCv    | Entered an ice cave
 23515 | IceCv    | Identified the amulet "Koone" {RegenMP Str+2 Stlth+}
 24171 | IceCv    | Reached XP level 15. HP: 81/149 MP: 15/15
 24852 | Orc:1    | Found a burning altar of Makhleb.
 25073 | Orc:1    | You fall into a shaft and drop 1 floor!
 25470 | Orc:2    | Found Tutoin's General Store.
 25781 | Orc:2    | Found Utebaost's Jewellery Emporium.
 25790 | Orc:2    | Found a staircase to the Elven Halls.
 25798 | Orc:2    | Found Yluerat's Antique Weapon Emporium.
 25930 | Orc:2    | Found Tyll's Antique Armour Shop.
 26006 | Orc:2    | Found a burning altar of Makhleb.
 26244 | D:12     | Bought the ring of Unuecipu {rElec rC+ EV+5 Int+4} for 1046
                  | gold pieces
 27079 | D:13     | Noticed Urug
 27088 | D:13     | Killed Urug
 28042 | D:14     | Found a gate to the Vaults.
 28077 | D:14     | Found a runed translucent gate.
 28080 | D:14     | Found a runed translucent gate.
 28080 | D:14     | Found a runed translucent gate.
 28083 | D:14     | Noticed Nanner's ghost (weakling FoFi)
 28114 | D:14     | Noticed Jorgrun
 28146 | D:14     | Killed Jorgrun
 28514 | D:14     | Killed Nanner's ghost
 28528 | D:15     | Entered Level 15 of the Dungeon
 29031 | D:15     | Reached XP level 16. HP: 153/162 MP: 16/16
 29247 | D:15     | Found an iron altar of Okawaru.
 29480 | D:15     | Found a staircase to the Depths.
 30171 | Snake:1  | Entered Level 1 of the Snake Pit
 31807 | Snake:2  | Found Cismue's Antique Armour Emporium.
 31811 | Snake:2  | Found Kaeciull's Book Emporium.
 31842 | Snake:2  | Reached skill level 10 in Shields
 32596 | Snake:3  | Identified the +6 leather armour "Xyopiet" {Drain rF+
                  | Int+2}
 32636 | Snake:3  | Identified the +1 quarterstaff "Viviutt" {vamp, rF+ rN++}
 32744 | Snake:3  | Found Hioj's Book Boutique.
 32744 | Snake:3  | Found Bemel's Jewellery Emporium.
 32745 | Snake:3  | Found Bimit's Book Boutique.
 32824 | Snake:3  | Reached XP level 17. HP: 166/171 MP: 17/17
 33043 | Snake:3  | Found Rielab's Weapon Emporium.
 33165 | Snake:4  | Entered Level 4 of the Snake Pit
 33165 | Snake:4  | Found Docuron's Distillery.
 33418 | Snake:4  | Bought a potion of might for 52 gold pieces
 33418 | Snake:4  | Bought a potion of heal wounds for 65 gold pieces
 33418 | Snake:4  | Bought a potion of heal wounds for 65 gold pieces
 33433 | Snake:4  | Found Xusaewef's Book Shop.
 33739 | Snake:4  | Found a runed translucent door.
 33739 | Snake:4  | Noticed croobank's ghost (adept GnSu)
 34166 | Snake:4  | Found Laatoen's Assorted Antiques.
 34274 | Snake:4  | Bought a scroll labelled WUYGRA AMIPOMA for 37 gold pieces
 34276 | Snake:4  | Identified the +0 scale mail of the Sun {Harm rCorr Int+2
                  | Dex-3}
 34661 | Snake:4  | Found Zuygus's Antique Armour Shop.
 35146 | D:15     | Bought glowing gold dragon scales for 3486 gold pieces
 35717 | Snake:4  | Reached skill level 15 in Shields
 35748 | Snake:4  | Reached skill level 1 in Axes
 36940 | Snake:4  | Reached skill level 5 in Axes
 37069 | Snake:4  | Got a serpentine rune of Zot
 37205 | Snake:4  | Killed croobank's ghost
 37279 | Snake:3  | Bought the +4 consecrated labrys {holy, Valiant Fragile Fly
                  | SInv} for 663 gold pieces
 37279 | Snake:3  | Found the +4 consecrated labrys {holy, Valiant Fragile Fly
                  | SInv}
 37369 | Swamp:1  | Entered Level 1 of the Swamp
 37400 | Swamp:1  | Noticed a tentacled monstrosity
 37419 | Swamp:1  | Killed a tentacled monstrosity
 37710 | Swamp:1  | Reached XP level 18. HP: 141/180 MP: 18/18
 38773 | Swamp:2  | Identified the +3 short sword of Reapportionment {vamp,
                  | Str+4}
 39275 | Swamp:3  | Found a transporter.
 39301 | Swamp:3  | Found a one-way gate to the infinite horrors of the Abyss.
 39301 | Swamp:3  | Noticed Emuible's ghost (adept TrSh)
 39442 | Swamp:3  | Found a transporter.
 39474 | Swamp:3  | Noticed Mlioglotl
 39494 | Swamp:3  | Killed Mlioglotl
 39861 | Swamp:3  | Found the +8 demon trident "Rift" {distort, reach+}
 40419 | D:2      | Bought 3 scrolls of enchant armour for 292 gold pieces
 40540 | D:6      | Bought a scroll of enchant armour for 112 gold pieces
 40540 | D:6      | Bought a scroll of blinking for 112 gold pieces
 40799 | Swamp:4  | Entered Level 4 of the Swamp
 41677 | Swamp:3  | Reached skill level 5 in Dodging
 42449 | Swamp:4  | Noticed Mara
 42518 | Swamp:3  | Noticed DocEon's illusion
 42531 | Swamp:3  | Killed Mara
 43808 | Swamp:4  | Reached XP level 19. HP: 177/190 MP: 19/19
 43891 | Swamp:4  | Got a decaying rune of Zot
 44374 | Vaults:1 | Entered Level 1 of the Vaults
 44632 | Vaults:1 | Found Zuteq's Jewellery Shop.
 45193 | Vaults:1 | Noticed Norris
 45217 | Vaults:1 | Killed Norris
 45724 | Vaults:1 | Found Odesegha's Assorted Antiques.
 45732 | Vaults:1 | Bought a potion of curing for 66 gold pieces
 45789 | Vaults:1 | Found Xianet's General Store.
 45790 | Vaults:1 | Found Facamu Tiydd's Assorted Antiques.
 45846 | Vaults:1 | Bought a potion of curing for 60 gold pieces
 45846 | Vaults:1 | Bought a potion of haste for 200 gold pieces
 45866 | Vaults:1 | Found Judeg's Weapon Shoppe.
 45954 | Vaults:1 | Found Idwicotial's Antique Armour Shop.
 45959 | Vaults:1 | Bought a glowing helmet for 247 gold pieces
 46089 | Vaults:2 | Noticed Zenata
 46116 | Vaults:2 | Killed Zenata
 46618 | Vaults:2 | Noticed Mennas
 47578 | Depths:1 | Entered Level 1 of the Depths
 47719 | Depths:1 | Found a gateway to Hell.
 48186 | Depths:1 | Reached XP level 20. HP: 57/202 MP: 20/20
 49248 | Elf:1    | Entered Level 1 of the Elven Halls
 50247 | Elf:1    | Paralysed by a floating eye for 3 turns
 50956 | Elf:1    | Bought a pair of faintly glowing boots for 266 gold pieces
 50956 | Elf:1    | Identified the +2 pair of boots of Ethereal Miracles {-Cast
                  | rN+++ Str+4 Dex-3} (You bought it in a shop on level 1 of
                  | the Elven Halls)
 51040 | Elf:2    | Found a runed translucent gate.
 51040 | Elf:2    | Found a runed translucent gate.
 51040 | Elf:2    | Found a runed translucent gate.
 51187 | Elf:2    | Found Ynoleh's General Store.
 51195 | Elf:2    | Bought a potion of haste for 170 gold pieces
 51195 | Elf:2    | Bought a potion of curing for 51 gold pieces
 51509 | Elf:2    | Found a runed translucent gate.
 51510 | Elf:2    | Found a runed translucent gate.
 51511 | Elf:2    | Found a runed translucent gate.
 51568 | Elf:2    | Noticed SirDiesAlot's ghost (veteran OpEE)
 51587 | Elf:2    | Killed SirDiesAlot's ghost
 51592 | Elf:2    | Identified the ring "Otyegi" {Fire Dex+2}
 52745 | Elf:2    | Noticed Louise
 52754 | Elf:2    | Killed Louise
 53527 | Elf:3    | Entered Level 3 of the Elven Halls
 54120 | Elf:3    | Identified the +5 quarterstaff "Ojih" {freeze, Int+5}
 54171 | Elf:3    | Identified the +1 long sword of Miveujia {flame, Will+}
 54275 | Elf:3    | Identified the +8 falchion of Demonkind {protect, Will+
                  | MP-9 Str+4}
 54646 | Elf:3    | Reached XP level 21. HP: 211/211 MP: 21/21
 54681 | Elf:3    | Reached skill level 1 in Necromancy
 54936 | Elf:3    | Got a loosely-bound book
 54939 | Elf:3    | Identified the +1 hat "Ytret" {Dex+4}
 55595 | Depths:1 | Found Padyliu's Book Emporium.
 55595 | Depths:1 | Found Buapuv's General Store.
 55596 | Depths:1 | Found Pounlaz's Magic Scroll Shoppe.
 55598 | Depths:1 | Found Tokloemo's Jewellery Emporium.
 55600 | Depths:1 | Bought 3 scrolls of blinking for 382 gold pieces
 55600 | Depths:1 | Bought a scroll of teleportation for 51 gold pieces
 55614 | Depths:1 | Bought a scroll of enchant armour for 97 gold pieces
 55628 | Depths:1 | Reached skill level 1 in Evocations
 55861 | Depths:1 | Noticed Asterion
 55883 | Depths:1 | Killed Asterion
 57644 | Depths:2 | Found a one-way gate leading to the halls of Pandemonium.
 57897 | Depths:2 | Found a one-way gateway to a ziggurat.
 58656 | Depths:3 | Found a stormy altar of Qazlal.
 58782 | Depths:3 | Noticed a caustic shrike
 58783 | Depths:3 | Noticed a caustic shrike
 58787 | Depths:3 | Noticed a caustic shrike
 58788 | Depths:3 | Noticed a caustic shrike
 58789 | Depths:3 | Noticed a caustic shrike
 58790 | Depths:3 | Killed a caustic shrike
 58801 | Depths:3 | Killed a caustic shrike
 58805 | Depths:3 | Killed a caustic shrike
 58812 | Depths:3 | Killed a caustic shrike
 58820 | Depths:3 | Killed a caustic shrike
 59299 | Depths:3 | Bought a potion of heal wounds for 250 gold pieces
 59299 | Depths:3 | Bought a scroll of enchant weapon for 375 gold pieces
 59521 | Depths:3 | Noticed a golden dragon
 59543 | Depths:3 | Killed a golden dragon
 59544 | Depths:3 | Reached skill level 10 in Dodging
 59544 | Depths:3 | Reached XP level 22. HP: 192/222 MP: 22/22
 59740 | Depths:3 | Reached skill level 5 in Necromancy
 60016 | Depths:3 | Identified the ring of the Eagle {Drain +Blink rF+ rN+
                  | Dex+3}
 60019 | Depths:3 | Noticed a juggernaut
 60030 | Depths:3 | Killed a juggernaut
 60878 | Depths:3 | Noticed a juggernaut
 60899 | Depths:3 | Killed a juggernaut
 60906 | Depths:3 | an iron dragon changed into a golden dragon
 60906 | Depths:3 | Noticed a golden dragon (glowing shapeshifter)
 60909 | Depths:3 | a golden dragon changed into a shadow dragon
 61133 | Depths:3 | Identified the amulet of Eniefal {Spirit Fly rC+ Str+3
                  | Dex+4}
 61139 | Depths:3 | Noticed a juggernaut
 61156 | Depths:3 | Killed a juggernaut
 61306 | Depths:3 | Noticed a golden dragon
 61319 | Depths:3 | Killed a golden dragon
 61401 | Depths:3 | Identified the +6 chain mail of Magic {Drain Will- Regen+
                  | Dex+7}
 61695 | Depths:4 | Entered Level 4 of the Depths
 62303 | Depths:4 | Reached XP level 23. HP: 226/232 MP: 23/23
 62829 | Depths:4 | Found a gate to the Realm of Zot.
 62933 | Depths:1 | Noticed Sojobo
 62948 | Depths:1 | Killed Sojobo
 63652 | Vaults:2 | Noticed Aizul
 63663 | Vaults:2 | Killed Aizul
 63864 | Vaults:2 | Noticed Margery
 63898 | Vaults:2 | Killed Margery
 64254 | Vaults:2 | Killed Mennas
 64493 | Vaults:2 | Found a staircase to the Crypt.
 64493 | Vaults:2 | Found an ancient bone altar of Kikubaaqudgha.
 64494 | Vaults:2 | Found a basalt altar of Yredelemnul.
 64952 | Vaults:3 | Identified the +9 hand axe of Exquisite Torment {venom,
                  | rPois Stlth+}
 65627 | Vaults:3 | Reached XP level 24. HP: 221/242 MP: 23/23
 66021 | Vaults:4 | Found Comaehez's Antique Weapon Shoppe.
 66031 | Vaults:4 | Found Moocw's Distillery.
 66110 | Vaults:4 | Bought a potion of haste for 170 gold pieces
 66110 | Vaults:4 | Bought a potion of heal wounds for 85 gold pieces
 66110 | Vaults:4 | Bought a potion of haste for 170 gold pieces
 67058 | Vaults:4 | Reached skill level 10 in Necromancy
 67398 | Vaults:5 | Entered Level 5 of the Vaults
 67398 | Vaults:5 | Noticed an ancient lich
 67406 | Vaults:5 | Noticed a dread lich
 67479 | Vaults:4 | Killed an ancient lich
 67485 | Vaults:4 | Killed a dread lich
 68582 | Vaults:5 | Identified the +2 halberd of Weannaf {elec, Fly Str+2
                  | Dex+3}
 68715 | Vaults:5 | Reached XP level 25. HP: 239/253 MP: 23/23
 68742 | Vaults:5 | Identified the +5 great sword of Dejytav {holy, *Slow rPois
                  | Int+3 SInv}
 68948 | Vaults:5 | Got a silver rune of Zot
 69234 | Vaults:5 | Identified the +2 morningstar of the Living Dead {venom,
                  | rPois Str+6}
 69293 | Vaults:5 | Identified the +10 spear of the Beginning {heavy, rF+ SInv}
 69332 | Vaults:5 | Identified the amulet of Xiraim {Spirit Regen+ Int+6
                  | Stlth-}
 69381 | Vaults:5 | Got a strange book
 69394 | Vaults:5 | Identified the staff "Caibraqo" {rN+ Dex+4 Necro}
 69627 | Vaults:5 | Identified the ring "Ustruq" {rN+++ rCorr AC+4 Int-3
                  | Slay-3}
 69810 | Vaults:5 | Learned a level 4 spell: Dispel Undead
 69817 | Vaults:5 | Learned a level 6 spell: Death Channel
 69823 | Vaults:5 | Learned a level 5 spell: Borgnjor's Vile Clutch
 70014 | Crypt:1  | Entered Level 1 of the Crypt
 70045 | Crypt:1  | Reached skill level 1 in Spellcasting
 70705 | Crypt:1  | Found a transporter.
 70719 | Crypt:1  | Found a transporter.
 71605 | Crypt:2  | Identified the +6 war axe of Conversion {heavy, *Rage Str+6
                  | Int-2 Dex+8}
 71950 | Crypt:3  | Entered Level 3 of the Crypt
 71990 | Crypt:3  | Reached skill level 5 in Spellcasting
 72017 | Crypt:3  | Noticed a dread lich
 72039 | Crypt:3  | Killed a dread lich
 72054 | Crypt:3  | Bought a masterwork hat for 360 gold pieces
 72054 | Crypt:3  | Identified the +0 hat of Nuaraed {Str+6} (You bought it in
                  | a shop on level 3 of the Crypt)
 72453 | Crypt:3  | Noticed Saint Roka
 72730 | Crypt:3  | Killed Saint Roka
 72838 | Crypt:3  | Reached XP level 26. HP: 195/264 MP: 23/31
 73131 | Crypt:3  | Found a staircase to the Tomb.
 73385 | Crypt:3  | Identified the +1 helmet of Narrow Salvation {rC+ Regen+
                  | Str+4}
 73471 | Crypt:3  | Found the +7 Spriggan's Knife {stab, EV+4 Stlth+}
 73501 | Crypt:3  | Noticed an ancient lich
 73526 | Crypt:3  | Killed an ancient lich
 73530 | Crypt:3  | Noticed a dread lich
 73551 | Crypt:3  | Killed a dread lich
 73632 | Crypt:3  | Identified the ring "Pimipy" {Ice rCorr Str+2}
 73635 | Crypt:3  | Identified the amulet "Ygodoun" {rElec rPois Regen+}
 73645 | Crypt:3  | Identified the +0 scale mail "Dudonn" {Harm rElec Int+3
                  | Stlth-}
 74098 | Zot:1    | Entered Level 1 of the Realm of Zot
 74441 | Zot:1    | Identified the +0 chain mail of Floral Freedom {Dex+5}
 74627 | Zot:1    | Noticed an orb of fire
 74641 | Zot:1    | Gained mutation: You occasionally shout uncontrollably at
                  | your foes. [an orb of fire]
 74645 | Zot:1    | Gained mutation: You are dopey. (Int -2) [an orb of fire]
 74651 | Zot:1    | Killed an orb of fire
 74662 | Zot:1    | Reached skill level 27 in Fighting
 75789 | Zot:2    | Noticed Grunn
 75816 | Zot:2    | Killed Grunn
 77091 | Zot:3    | Identified the +1 buckler of Perpetual Drought {Dex+3
                  | Slay+3}
 77281 | Zot:3    | Reached skill level 10 in Spellcasting
 77281 | Zot:3    | Reached XP level 27. HP: 258/273 MP: 35/37
 77679 | Zot:4    | Noticed an orb of fire
 77748 | Zot:4    | Killed an orb of fire
 78982 | Zot:5    | Entered Level 5 of the Realm of Zot
 79410 | Zot:5    | Noticed an orb of fire
 79412 | Zot:5    | Noticed an orb of fire
 79417 | Zot:5    | Killed an ancient lich
 79417 | Zot:5    | Killed an orb of fire
 79424 | Zot:5    | Noticed an orb of fire
 79426 | Zot:5    | Noticed an orb of fire
 79447 | Zot:5    | Gained mutation: You are frail. (-10% HP) [an orb of fire]
 79453 | Zot:5    | Noticed an orb of fire
 79455 | Zot:5    | Killed an orb of fire
 79476 | Zot:5    | Noticed an orb of fire
 79476 | Zot:5    | Noticed an orb of fire
 79481 | Zot:5    | Gained mutation: Your body sometimes deteriorates upon
                  | taking damage. [an orb of fire]
 79482 | Zot:5    | Gained mutation: You are clumsy. (Dex -2) [an orb of fire]
 79493 | Zot:5    | Noticed an orb of fire
 79494 | Zot:5    | Killed an orb of fire
 79496 | Zot:5    | Gained mutation: You are very clumsy. (Dex -4) [an orb of
                  | fire]
 79515 | Zot:5    | Killed an orb of fire
 79650 | Zot:4    | Lost mutation: You are frail. (-10% HP) [potion of
                  | mutation]
 79650 | Zot:4    | Lost mutation: You are dopey. (Int -2) [potion of mutation]
 79650 | Zot:4    | Gained mutation: You have large cloven feet. [potion of
                  | mutation]
 79650 | Zot:4    | Lost mutation: You occasionally shout uncontrollably at
                  | your foes. [potion of mutation]
 79650 | Zot:4    | Gained mutation: Your system is resistant to poisons.
                  | (rPois) [potion of mutation]
 79650 | Zot:4    | Gained mutation: You are resistant to electric shocks.
                  | (rElec) [potion of mutation]
 79726 | Zot:5    | Gained mutation: You are occasionally teleported next to
                  | monsters. [an orb of fire]
 79740 | Zot:5    | Killed an orb of fire
 79741 | Zot:5    | Lost mutation: You have large cloven feet. [potion of
                  | mutation]
 79741 | Zot:5    | Lost mutation: Your body sometimes deteriorates upon taking
                  | damage. [potion of mutation]
 79741 | Zot:5    | Lost mutation: Your system is resistant to poisons. (rPois)
                  | [potion of mutation]
 79741 | Zot:5    | Gained mutation: Your body sometimes deteriorates upon
                  | taking damage. [potion of mutation]
 79741 | Zot:5    | Gained mutation: Your flesh is heat resistant. (rF+)
                  | [potion of mutation]
 79741 | Zot:5    | Gained mutation: You are robust. (+10% HP) [potion of
                  | mutation]
 79742 | Zot:5    | Lost mutation: You are very clumsy. (Dex -4) [potion of
                  | mutation]
 79742 | Zot:5    | Lost mutation: Your body sometimes deteriorates upon taking
                  | damage. [potion of mutation]
 79742 | Zot:5    | Lost mutation: You are robust. (+10% HP) [potion of
                  | mutation]
 79742 | Zot:5    | Gained mutation: You are partially covered in iridescent
                  | scales. (AC +2) [potion of mutation]
 79742 | Zot:5    | Gained mutation: You have a beak for a mouth. [potion of
                  | mutation]
 79759 | Zot:5    | Gained mutation: You are strong-willed. (Will+) [an orb of
                  | fire]
 79772 | Zot:5    | Killed an orb of fire
 79917 | Zot:5    | Got the Orb of Zot
 80201 | D:15     | Noticed Qeufu the pandemonium lord
 80230 | D:15     | Killed Qeufu the pandemonium lord
 80628 | D:7      | Gained mutation: You are very clumsy. (Dex -4) [a neqoxec]
 80643 | D:6      | Lost mutation: You have a beak for a mouth. [potion of
                  | mutation]
 80643 | D:6      | Lost mutation: You are partially covered in iridescent
                  | scales. (AC +2) [potion of mutation]
 80643 | D:6      | Gained mutation: You possess an exceptional clarity of
                  | mind. [potion of mutation]
 80643 | D:6      | Gained mutation: Your muscles are strong. (Str +4, Int/Dex
                  | -1) [potion of mutation]
 80643 | D:6      | Gained mutation: You have a pair of small antennae on your
                  | head. [potion of mutation]
 80717 | D:4      | Reached skill level 27 in Shields
 80800 | D:1      | Noticed Cema the pandemonium lord
 80815 | D:$      | Escaped with the Orb!

Illustrated notes

Levels and vault maps discovered:
D:1:      lemuel_arrival_funnel, layout_loops_corners
D:2:      layout_basic, serial_shops, nicolae_shop_rolled_up, shop_statue, shop,
          chequers_ecumenical_altar_island
D:3:      layout_rooms, zin_statuary, corexii_leaking_fountain
D:4:      layout_loops_ring, uniq_grinder
D:5:      layout_loops_cross, lemuel_round_altar, bloody_makhleb,
          uniq_eustachio, uniq_pikel
D:6:      layout_loops_ring, nicolae_overflow_hidden_temple,
          nicolae_shop_distant_corner_stores
D:7:      layout_loops_ring, temple_statues, uniq_joseph
D:8:      wad_statue_garden, layout_basic, ebering_ghost_xom
D:9:      layout_roguey, minmay_lizard_king
D:10:     layout_roguey, nzn_wu_jian_council_hall, mainiacjoe_overflow_brackets,
          tso_metal_star, nicolae_ashenzari_panopticon
D:11:     layout_rooms, gauntlet_entry_generic, minmay_tree_intersection,
          uniq_nergalle
D:12:     layout_grid_maze, erik_orc_3, nicolae_trove_entry_free_sample,
          nicolae_fort_ynox, uniq_nessos
D:13:     layout_basic, kennysheep_generic_room_8, uniq_urug
D:14:     layout_rooms, david_vaults_4, ebering_ghost_rock_garden,
          hangedman_abyss_or_decor_lesser_grid, small_statue_alley_a,
          uniq_jorgrun
D:15:     hangedman_depths_entry_try_elsewhere_first, layout_loops_ring,
          grunt_ministairs_9, kennysheep_okawaru_gauntlet
Temple:   nicolae_temple_godzebo
Lair:1:   layout_hall_layers, serial_bayou_shore_a, grunt_megastairs_5
Lair:2:   layout_roguey, minivault_19, infiniplex_staircase_pool_2, uniq_sonja
Lair:3:   layout_loops_ring, alex1729_swamp_entry_worm_eleionoma,
          guppyfry_snake_entry_island, nicolae_volcano_entry_s_turn,
          beast_lair_carwin_10, uniq_gastronok
Lair:4:   layout_big_grid, nicolae_slime_entry_slimehenge, minivault_19,
          grunt_megastairs_3
Lair:5:   guppyfry_lair_end_dragon, layout_misc_corridors
Swamp:1:  layout_basic_swamp, hangedman_swamp_ruin_wall, hangedman_swamp_cone,
          swamp_pool4
Swamp:2:  layout_falls_marsh, evilmike_swamp_ruin_house_5
Swamp:3:  layout_basic_swamp, gammafunk_ghost_abyssal_escape,
          nicolae_swamp_long_stream, uniq_mlioglotl
Swamp:4:  swamp_basic_johnstein, layout_basic_swamp, infiniplex_staircase_pool,
          uniq_mara
Snake:1:  layout_rooms, hangedman_snake_wide_pillar_pass, lemuel_fruit_tree
Snake:2:  layout_misc_corridors, grunt_megastairs_4, minmay_shop_star
Snake:3:  layout_onion, serial_shops, nicolae_shop_tiny_real_fake_doors,
          minmay_shop_grove
Snake:4:  minmay_snake_end_coiled, layout_cave_town,
          hellmonk_ghost_happy_afterlife, serial_shops, shop, shop,
          nicolae_shop_window_shopping, nicolae_shop_stone,
          nrook_guardian_serpent_ordinary
Orc:1:    layout_diamond_mine, portal_ice_cave_entry_ice_simulacra, basic_altar
Orc:2:    grunt_orc_gardens, layout_diamond_mine, grunt_orc_garden,
          grunt_orc_garden, grunt_orc_garden, grunt_orc_garden, basic_altar,
          rock_pile
Elf:1:    layout_onion_city, hangedman_elf_represent, hangedman_glass_teeth,
          nicolae_elf_deep_friendship
Elf:2:    nicolae_elf_blades_splatter_lattice
          [nicolae_blade_entry_diamond_columns], layout_geoelf_diagonals,
          ebering_ghost_rock_garden, serial_shops, shop, drop_trap, uniq_louise
Elf:3:    grunt_elf_hall_asides, layout_geoelf_grid, nrook_loot_triangle
Vaults:1: nicolae_vaults_doubleplus_tesselated, nicolae_vaults_tangram_1,
          nicolae_vaults_six-pack, ontoclasm_vaults_fault,
          nicolae_vaults_turnstiles, vaults_room_grid, v_rooms_4, v_misc_28,
          nicolae_vaults_taking_the_gang_shopping, nicolae_vaults_house_1,
          layout_vaults_ring, serial_shops, shop, shop,
          nicolae_shop_getting_attention, shop, shop, uniq_norris
Vaults:2: nicolae_vaults_apartment_1, v_misc_22, vaults_room_ringed_pool,
          nicolae_vaults_storage_closets_2, minmay_crypt_entry_necro_gods,
          hangedman_vaults_impose, nicolae_vaults_murderbox,
          nicolae_vaults_trapezoid_3, nicolae_vaults_tetromino_T_2,
          layout_vaults_omnigrid, uniq_mennas, uniq_zenata, uniq_margery,
          uniq_aizul
Vaults:3: nicolae_vaults_network_periphery, vaults_mumra_lcd, vaults_room_pools,
          nicolae_vaults_lightning_bolt, hangedman_vaults_nails,
          grunt_vaults_twisty, v_misc_29, v_pattern_2,
          nicolae_vaults_ring_of_whatevers, vaults_dpeg_spiral,
          nicolae_vaults_little_squares_5, nicolae_vaults_wine_cellar,
          nicolae_vaults_meeting, layout_vaults_maze_bifur
Vaults:4: nicolae_vaults_network_barrier, vaults_room_pool,
          nicolae_vaults_diagonal_hallway_7, st_diamondy, vaults_mumra_hexcomb,
          nicolae_vaults_trapezoid_1, nicolae_vaults_closet_pinwheel_2,
          nicolae_vaults_trapezoid_lopsided_1, layout_vaults_chaotic_city,
          serial_shops, nicolae_shop_waterfront, shop
Vaults:5: serial_shops
Crypt:1:  gammafunk_sealed_arena, layout_misc_corridors,
          grunt_crypt_arrival_webbed, grunt_megastairs_1
Crypt:2:  layout_misc_corridors
Crypt:3:  david_glass_crypt, layout_chaotic_city,
          nicolae_tomb_entry_unfolded_pyramid_orthogonal,
          serial_co_window_serial, co_window_paths_b, co_window_paths_b,
          co_window_corner_a, co_window_paths_a, co_window_paths_a,
          co_window_corner_cb, co_window_cross_3, co_window_broadway_c,
          co_window_2corner, co_window_broadway_b, glass_columns_a,
          uniq_saint_roka
Depths:1: layout_basic, abyss_entry, hell_entry, lemuel_freeze_loot_1,
          hangedman_decor_cross_pass, serial_bayou_shore_b, minmay_shoptagon,
          uniq_asterion, uniq_sojobo
Depths:2: kennysheep_room_grid, layout_honeycomb, enter_ziggurat_b,
          serial_glass, glass_columns_a, glass_columns_b, lightli_too_deep,
          rand_demon_pan_entry_3, minivault_10, minmay_starry_boxes
Depths:3: grunt_twisty_corner, layout_gridlike, abyss_entry,
          kennysheep_flooded_box, hell_entry, nicolae_qazlal_general_emergency
Depths:4: grunt_zot_entry_alcove, layout_twisted_cross, hell_entry, pan_entry,
          serial_sigils_hangedman_clutch
Zot:1:    layout_cathedral_of_symmetry, hellmonk_formless_pools
Zot:2:    layout_cathedral_of_symmetry, uniq_grunn
Zot:3:    layout_misc_corridors, grunt_megastairs_2
Zot:4:    kennysheep_blocky_room, layout_basic, grunt_ministairs_12
Zot:5:    layout_misc_corridors, grunt_ministairs_14, nicolae_lava_and_water

Skill      XL: |  1  2  3  4  5  6  7  8  9 10 11 12 13 14 15 16 17 18 19 20 21 22 23 24 25 26 27 |
---------------+----------------------------------------------------------------------------------+-----
Maces & Flails | 4 5 6 7 8 10 12 13 14 15 16 17 | 17.3
Fighting       | 5 7 9 10 13 15 18 19 20 21 22 23 24 25 26 27 | 27.0
Armour         | 1 4 6 8 11 13 16 17 18 19 20 21 22 23 24 25 26 | 26.4
Shields        | 5 6 12 15 16 17 18 19 21 22 24 25 27 | 27.0
Axes           | 5 9 |  9.8
Dodging        | 3 5 7 9 10 | 10.0
Necromancy     | 4 6 9 10 12 13 14 | 14.1
Evocations     | 2 |  2.4
Spellcasting   | 5 10 11 | 11.6

Action                     |  1- 3 |  4- 6 |  7- 9 | 10-12 | 13-15 | 16-18 | 19-21 | 22-24 | 25-27 || total
---------------------------+-------+-------+-------+-------+-------+-------+-------+-------+-------++-------
  Melee: Mace              |    61 |       |       |       |       |       |       |       |       ||    61
         Flail             |    29 |   157 |    25 |       |       |       |       |       |       ||   211
         Morningstar       |       |       |   130 |   621 |  1201 |       |       |       |       ||  1952
         Whip              |       |       |   155 |       |       |       |       |       |       ||   155
         Eveningstar       |       |       |       |       |   484 |  1659 |  1954 |  1472 |  2033 ||  7602
         Labrys            |       |       |       |       |       |    49 |       |       |       ||    49
         Demon whip        |       |       |       |       |       |       |   160 |       |       ||   160
         Peck              |       |       |       |       |       |       |       |       |    53 ||    53
  Throw: Dart              |       |     4 |     4 |       |     1 |       |       |       |       ||     9
         Throwing net      |       |       |       |       |       |       |     1 |       |       ||     1
 Invoke: Call Merchant     |       |       |       |     1 |     2 |     1 |     2 |       |     1 ||     7
         Potion Petition   |       |       |       |     2 |     2 |       |     3 |     1 |     4 ||    12
         Bribe Branch      |       |       |       |       |       |       |       |       |     1 ||     1
  Evoke: Wand              |       |     2 |       |    10 |    21 |     7 |     1 |     3 |     8 ||    52
         Sack of spiders   |       |       |       |     1 |     1 |       |       |       |       ||     2
    Use: Scroll            |     5 |     5 |     6 |     9 |     7 |    14 |    17 |     5 |    10 ||    78
         Potion            |       |       |     1 |     6 |     4 |     5 |    11 |     3 |     9 ||    39
   Stab: Distracted        |       |       |       |     4 |     7 |     6 |     3 |     5 |     7 ||    32
         Held in net/web   |       |       |       |       |     1 |       |       |       |       ||     1
         Confused          |       |       |       |       |       |     1 |       |       |     5 ||     6
 Armour: Robe              |    27 |       |       |       |       |       |       |       |       ||    27
         Ring mail         |    10 |    81 |   155 |   327 |    17 |    69 |       |       |       ||   659
         Skin              |       |       |     3 |       |       |       |       |       |    30 ||    33
         Chain mail        |       |       |       |       |   918 |   261 |       |       |       ||  1179
         Plate armour      |       |       |       |       |    51 |       |       |       |       ||    51
         Gold dragon scale |       |       |       |       |       |  1057 |  1131 |   735 |  1246 ||  4169
  Dodge: Dodged            |    62 |    86 |   117 |   176 |   518 |   677 |   469 |   407 |   724 ||  3236
  Block: Orb               |       |    31 |    53 |    24 |       |       |       |       |       ||   108
         Reflection        |       |       |     4 |     8 |    11 |   120 |    53 |    82 |    14 ||   292
         Buckler           |       |       |       |   185 |   680 |       |       |       |       ||   865
         Kite shield       |       |       |       |       |    41 |  1149 |   729 |       |       ||  1919
         Tower shield      |       |       |       |       |       |   465 |  1008 |  1587 |  2134 ||  5194

Table legend: (Time is in decaauts)
 A = Elapsed time spent in this place.
 B = Non-inter-level travel time spent in this place.
 C = Inter-level travel time spent in this place.
 D = Time resting spent in this place.
 E = Time spent auto-exploring this place.
 F = Levels seen in this place.
 G = Mean time per level.
                   A        B        C        D        E       F      G
               +--------+--------+--------+--------+--------+-----+--------+
         Total |  78492 |  71197 |   7295 |  18686 |  33280 |  54 | 1453.6 |
       Dungeon |  21121 |  17354 |   3767 |   4537 |   8155 |  15 | 1408.1 |
        Temple |     60 |     36 |     24 |      0 |      0 |   1 |   60.0 |
          Lair |   7006 |   6080 |    926 |   1803 |   3063 |   5 | 1401.2 |
         Swamp |   5933 |   5669 |    264 |   2287 |   2272 |   4 | 1483.2 |
     Snake Pit |   6526 |   6107 |    419 |   1689 |   2856 |   4 | 1631.5 |
  Orcish Mines |   2265 |   2016 |    249 |    529 |    883 |   2 | 1132.5 |
   Elven Halls |   5126 |   4838 |    288 |   1162 |   2358 |   3 | 1708.7 |
        Vaults |   9354 |   8726 |    628 |   1767 |   4676 |   5 | 1870.8 |
         Crypt |   3540 |   3367 |    173 |    226 |   2063 |   3 | 1180.0 |
        Depths |   8479 |   8156 |    323 |   2723 |   3361 |   4 | 2119.8 |
           Zot |   5725 |   5496 |    229 |    863 |   2845 |   5 | 1145.0 |
      Ice Cave |   1224 |   1224 |      0 |    364 |    334 |   1 | 1224.0 |
       Volcano |    635 |    635 |      0 |    208 |    105 |   1 |  635.0 |
      Gauntlet |   1491 |   1491 |      0 |    524 |    306 |   1 | 1491.0 |
               +--------+--------+--------+--------+--------+-----+--------+

Top non-repeatable levels by time:
 Snake:4: 3304 daAuts
Depths:3: 3086 daAuts
    D:15: 2578 daAuts
Depths:2: 2469 daAuts
 Swamp:3: 2328 daAuts
Vaults:1: 2215 daAuts
Vaults:4: 2111 daAuts
    D:12: 2022 daAuts
Vaults:2: 1933 daAuts
   Elf:2: 1927 daAuts
  Lair:5: 1906 daAuts
     D:8: 1797 daAuts
Depths:1: 1749 daAuts
Vaults:5: 1709 daAuts
    D:13: 1704 daAuts
